 Dungeon Crawl Stone Soup version 0.31-a0-267-g3fc6992b3b (webtiles) character file.

Game seed: 17845803063891045940

519 qw the Shooter (level 7, -1/59 HPs)
             Began as a Minotaur Hexslinger on July 14, 2023.
             Slain by a gnoll
             ... wielding a +0 club
             ... led by a gnoll sergeant
              (5 damage)
             ... on level 5 of the Dungeon.
             The game lasted 00:01:28 (3633 turns).

qw the Shooter (Minotaur Hexslinger)                Turns: 3633, Time: 00:01:29

Health: -1/59      AC:  5    Str: 12    XL:     7   Next: 1%
Magic:  7/7        EV: 11    Int: 10    God:
Gold:   122        SH:  0    Dex: 15    Spells: 7/8 levels left

rFire   . . .        Y - +1 sling
rCold   . . .        (no shield)
rNeg    . . .        f - +0 ring mail
rPois   .            (helmet restricted)
rElec   .            (no cloak)
rCorr   .            (no gloves)
SInv    .            (no boots)
Will    .....        (no amulet)
Stlth   +            (no ring)
HPRegen 0.29/turn    (no ring)
MPRegen 0.10/turn

%: no passive effects
@: no status effects
A: horns 2, retaliatory headbutt
a: no special abilities


You were on level 5 of the Dungeon.
You visited 1 branch of the dungeon, and saw 5 of its levels.

You collected 122 gold pieces.


Innate Abilities, Weirdness & Mutations

You have a pair of horns on your head.
You reflexively headbutt those who attack you in melee.


   Skills:
 - Level 4.0 Fighting
 + Level 6.9 Ranged Weapons
 - Level 2.8 Armour
 - Level 2.1 Dodging
 - Level 1.0 Spellcasting
 - Level 2.0 Hexes


You had 7 spell levels left.
You knew the following spells:

 Your Spells              Type           Power      Damage    Failure   Level
a - Slow                  Hex            16%        N/A       32%         1

Your spell library contained the following spells:

 Spells                   Type           Power      Damage    Failure   Level
 Inner Flame              Hex/Fire       2%         N/A       83%         3
 Portal Projectile        Hex/Tloc       4%         N/A       83%         3
 Cause Fear               Hex            2%         N/A       97%         4

Inventory:

Hand Weapons
 Y - a +1 sling (weapon)
Armour
 f - a +0 ring mail (worn)
Potions
 a - a potion of haste {unknown}
 b - a potion of lignification {unknown}
 d - a potion of curing {unknown}
 h - a potion of might
 i - a potion of degeneration {unknown}

Dungeon Overview and Level Annotations

Branches:
Dungeon (5/15)
 Temple: D:4-7

Altars:
Sif Muna


Message History

You shoot a sling bullet.
The sling bullet hits the gnoll but does no damage.
The gnoll is heavily wounded.
The gnoll hits you but does no damage.
The gnoll sergeant hits you from afar with a +0 spear!
A gnoll comes into view. It is wielding a +0 club.
You shoot a sling bullet.
The sling bullet barely misses the gnoll.
The gnoll shouts!
You hear a shout!
The gnoll hits you from afar with a +0 halberd!
The gnoll sergeant barely misses you. x2; The gnoll barely misses you.
You shoot a sling bullet.
The sling bullet barely misses the gnoll.
The gnoll barely misses you.
The gnoll sergeant hits you from afar with a +0 spear!
You shoot a sling bullet.
The sling bullet barely misses the gnoll.
The gnoll closely misses you. The gnoll sergeant barely misses you.
You shoot a sling bullet.
The sling bullet closely misses the gnoll.
The gnoll barely misses you. You furiously retaliate!
You headbutt the gnoll. The gnoll barely misses you.
The gnoll sergeant hits you from afar with a +0 spear!
You shoot a sling bullet. The sling bullet hits the gnoll.
The gnoll is heavily wounded.
A centaur comes into view.
The gnoll hits you from afar with a +0 halberd!
The gnoll misses you.
The gnoll sergeant hits you but does no damage.
You shoot a sling bullet.
The sling bullet barely misses the gnoll.
The gnoll hits you from afar with a +0 halberd.
The gnoll hits you but does no damage.
The gnoll sergeant hits you from afar with a +0 spear!
You shoot a sling bullet.
The sling bullet hits the gnoll but does no damage.
The gnoll is heavily wounded.
The gnoll hits you with a +0 club.
You die...

.. .>.# ...##..#...
#.......## #.....##..
...##...####......#..
...##....###.....##.
##.....#..#.......#..
#...#.##............#
##.[.#.#..)...#....#.#
#.........##..#.......
##.g.@.#...##.........
#..g.g##........#....~
#..g..##......#.##.#.~
#...#.#.......#......~
..c...................~
...................##..~
......###.......... #...
......


You could see a gnoll sergeant, a centaur and 3 gnolls.

Vanquished Creatures
  A scorpion (D:4)
  A hound (D:4)
  4 orc priests
  A sleepcap (D:4)
  3 iguanas
  2 orc wizards (D:4)
  3 gnolls (D:4)
  3 adders (D:4)
  A white imp (D:5)
  3 dart slugs
  11 orcs
  7 endoplasms
  3 giant cockroaches
  3 goblins
  10 hobgoblins
  5 jackals
  8 kobolds
  5 quokkas
  4 ball pythons
  5 bats
  A frilled lizard (D:2)
  7 rats
91 creatures vanquished.

Notes
Turn   | Place    | Note
-------+----------+-------------------------------------------
     0 | D:1      | qw the Minotaur Hexslinger began the quest for the Orb.
     0 | D:1      | Reached XP level 1. HP: 16/16 MP: 1/1
     0 | D:1      | 0 ||| qw: Version: 0.3-a-52-g30416fa
     0 | D:1      | 0 ||| qw: Game counter: 7841
     0 | D:1      | 0 ||| qw: Melee chars always use a shield: true
     0 | D:1      | 0 ||| qw: God list: Okawaru
     0 | D:1      | 0 ||| qw: Allow faded altars: false
     0 | D:1      | 0 ||| qw: Do Orc after clearing Dungeon:15 true
     0 | D:1      | 0 ||| qw: Do second Lair branch before Depths: true
     0 | D:1      | 0 ||| qw: Lair rune preference: random
     0 | D:1      | 0 ||| qw: Goals: Normal
     0 | D:1      | 0 ||| PLANNING D:1-11
     5 | D:1      | 5 ||| DROPPING scroll of poison.
   303 | D:1      | Reached skill level 3 in Ranged Weapons
   303 | D:1      | Reached XP level 2. HP: 23/23 MP: 2/2
   672 | D:1      | 672 ||| READING scroll labelled RUFIWYEPHO.
   676 | D:1      | 676 ||| READING scroll labelled NYSYRADWISMIP.
   760 | D:2      | Reached XP level 3. HP: 29/29 MP: 3/3
  1165 | D:2      | 1165 ||| READING scroll labelled PUSTRO NABUSH.
  1166 | D:2      | 1166 ||| READING 2 scrolls labelled FOMEGOSCHYD.
  1167 | D:2      | 1167 ||| READING scroll labelled MIFREOSMUISTAI.
  1168 | D:2      | 1168 ||| DRINKING 3 clear potions.
  1169 | D:2      | 1169 ||| DRINKING 2 dark potions.
  1170 | D:2      | 1170 ||| DROPPING potion of invisibility.
  1171 | D:2      | 1171 ||| DROPPING scroll of blinking.
  1205 | D:3      | Reached skill level 4 in Ranged Weapons
  1366 | D:3      | Found a faded altar of an unknown god.
  1697 | D:3      | Reached XP level 4. HP: 33/36 MP: 4/4
  1747 | D:3      | 1747 ||| UPGRADING to +0 ring mail.
  1757 | D:3      | 1757 ||| DROPPING +0 robe.
  1758 | D:3      | 1758 ||| READING scroll labelled ZAXUOR PUQA.
  1822 | D:3      | 1822 ||| READING scroll labelled FEXTIQ ALIV.
  1858 | D:4      | Noticed a scorpion
  1871 | D:4      | Killed a scorpion
  1872 | D:4      | Reached XP level 5. HP: 20/41 MP: 5/5
  1981 | D:4      | Reached skill level 5 in Ranged Weapons
  2179 | D:4      | Reached skill level 3 in Fighting
  2233 | D:4      | HP: 9/45 [iguana (12)]
  2234 | D:4      | 2234 ||| DRINKING 2 potions of heal wounds.
  2238 | D:4      | 2238 ||| DRINKING potion of heal wounds.
  2366 | D:4      | Reached XP level 6. HP: 46/51 MP: 6/6
  2385 | D:4      | HP: 12/51 [gnoll/+0 spear (2)]
  2584 | D:4      | 2584 ||| FLEEEEING.
  2586 | D:4      | 2586 ||| FLEEEEING.
  2587 | D:4      | 2587 ||| FLEEEEING.
  2588 | D:4      | 2588 ||| FLEEEEING.
  2589 | D:4      | 2589 ||| FLEEEEING.
  2590 | D:4      | 2590 ||| FLEEEEING.
  2591 | D:4      | 2591 ||| FLEEEEING.
  2592 | D:4      | 2592 ||| FLEEEEING.
  2593 | D:4      | 2593 ||| FLEEEEING.
  2594 | D:4      | 2594 ||| FLEEEEING.
  2595 | D:4      | 2595 ||| FLEEEEING.
  2596 | D:4      | 2596 ||| FLEEEEING.
  2729 | D:4      | Reached skill level 6 in Ranged Weapons
  3195 | D:4      | 3195 ||| Stepping ~*~*~tactically~*~*~ (outnumbered).
  3211 | D:4      | HP: 7/52 [something/puff of flame (11)]
  3213 | D:4      | HP: 3/52 [something/magic dart (2)]
  3512 | D:4      | 3512 ||| READING scroll labelled HOARROCWYU.
  3513 | D:4      | 3513 ||| DRINKING 2 pink potions.
  3535 | D:5      | Entered Level 5 of the Dungeon
  3554 | D:5      | Reached XP level 7. HP: 56/59 MP: 7/7
  3586 | D:5      | Found a shimmering blue altar of Sif Muna.
  3631 | D:5      | HP: 12/59 [gnoll/+0 halberd[a gnoll sergeant] (13)]
  3632 | D:5      | HP: 4/59 [gnoll sergeant/+0 spear (8)]
  3633 | D:5      | Slain by a gnoll

Levels and vault maps discovered:
D:1:      minmay_arrival_glassed_features, layout_basic, grunt_decor_arrowhead
D:2:      layout_basic
D:3:      layout_rooms, shapermc_ecumenical_altar_flowoftime,
          kennysheep_generic_room_8
D:4:      minmay_skewed_foursquare, layout_basic
D:5:      layout_cave_pools, nicolae_sif_muna_condensation,
          minmay_temple_entry_proselytizer

Skill      XL: |  1  2  3  4  5  6 |
---------------+-------------------+-----
Ranged Weapons | 3 4 5 6 |  6.9
Fighting       | 2 3 4 |  4.0
Armour         | 2 |  2.8
Dodging        | |  2.1
Spellcasting   | |  1.0
Hexes          | |  2.0

Action                     |  1- 3 |  4- 6 |  7- 9 || total
---------------------------+-------+-------+-------++-------
   Fire: Sling             |   155 |   184 |    16 ||   355
    Use: Scroll            |     5 |     3 |       ||     8
         Potion            |     2 |     3 |       ||     5
 Armour: Robe              |     5 |       |       ||     5
         Ring mail         |       |    27 |     3 ||    30
  Dodge: Dodged            |    33 |    72 |    10 ||   115

Table legend:
 A = Non-vault XP
 B = Vault XP
 C = Vault XP percentage of total XP
 D = Non-vault monster count
 E = Vault monster count
 F = Vault count percentage of total count
                 A         B        C        D         E       F
            +---------+---------+-------+---------+---------+-------
      Total |     665 |      77 |  10.4 |      86 |       5 |   5.5
            +---------+---------+-------+---------+---------+-------
        D:1 |      34 |       0 |   0.0 |      19 |       0 |   0.0
        D:2 |      26 |       0 |   0.0 |      16 |       0 |   0.0
        D:3 |      32 |      36 |  52.9 |      15 |       1 |   6.2
        D:4 |     511 |      41 |   7.4 |      30 |       4 |  11.8
        D:5 |      62 |       0 |   0.0 |       6 |       0 |   0.0
            +---------+---------+-------+---------+---------+-------
